 Dungeon Crawl Stone Soup version 0.22.1-1-ga44c0e56f4 (webtiles) character file.

2647 Cykl0x the Cleaver (level 9, -6/56 HPs)
             Began as a Gargoyle Berserker on Oct 7, 2018.
             Was a High Priest of Trog.
             Mangled by Joseph
             ... wielding a cursed +0 hunting sling
              (7 damage)
             ... on level 7 of the Dungeon.
             The game lasted 00:24:23 (5110 turns).

Cykl0x the Cleaver (Gargoyle Berserker)             Turns: 5110, Time: 00:24:23

Health: -6/56      AC: 24    Str: 24    XL:     9   Next: 62%
Magic:  0/18       EV:  9    Int:  8    God:    Trog [*****.]
Gold:   274        SH:  0    Dex: 11    Spells: 8/8 levels left

rFire    + . .     SeeInvis .   b - +3 hand axe
rCold    + . .     Gourm    .   (no shield)
rNeg     + . .     Faith    .   f - +2 chain mail {rPois}
rPois    ∞         Spirit   +   r - +1 helmet
rElec    +         Reflect  .   i - scarf {rC+ rF+}
rCorr    .         Harm     .   j - +2 pair of gloves
MR       .....                  (no boots)
Stlth    ..........             B - amulet of guardian spirit
HPRegen  0.18/turn              h - +2 ring of strength
MPRegen  0.16/turn              t - ring of magical power

@: no status effects
A: negative energy resistance 1, electricity resistance, unbreathing,
petrification resistance, rot immunity, AC +6
a: Berserk, Trog's Hand, Brothers in Arms, Renounce Religion


You were on level 7 of the Dungeon.
You worshipped Trog.
Trog was extremely pleased with you.
You were very hungry.

You visited 1 branch of the dungeon, and saw 7 of its levels.

You collected 409 gold pieces.
You spent 135 gold pieces at shops.

Inventory:

Hand Weapons
 b - a +3 hand axe (weapon)
 s - a +0 blowgun
Armour
 f - a +2 chain mail of poison resistance (worn)
 i - a scarf of resistance (worn)
 j - a +2 pair of gloves (worn)
 r - a +1 helmet (worn)
 v - a +0 chain mail
Jewellery
 h - a +2 ring of strength (left hand)
 k - an uncursed ring of magical power
 t - a ring of magical power (right hand)
 A - an uncursed ring of protection from cold {unknown}
 B - an amulet of guardian spirit (around neck)
 D - an uncursed amulet of the acrobat {unknown}
Scrolls
 m - 2 scrolls of amnesia
 n - 6 scrolls of remove curse
 w - a scroll of teleportation
 x - a scroll of enchant weapon {unknown}
 y - 2 scrolls of identify
 C - a scroll of enchant armour {unknown}
Potions
 a - 2 potions of heal wounds {unknown}
 d - 3 potions of brilliance
 e - 2 potions of might {unknown}
 g - a potion of agility {unknown}
 l - 2 potions of magic {unknown}
 o - 3 potions of lignification {unknown}
 p - 2 potions of curing {unknown}
 q - 3 potions of haste
 u - 2 potions of flight {unknown}
 z - a potion of cancellation {unknown}
 F - a potion of mutation {unknown}
Comestibles
 c - 12 rations
 E - 6 chunks of flesh


   Skills:
 + Level 6.6 Fighting
 + Level 9.4 Axes
 + Level 6.3 Armour
 + Level 3.1 Dodging


You had 8 spell levels left.
You didn't know any spells.
Your spell library was empty.

Dungeon Overview and Level Annotations

Branches:
Dungeon (7/15)             Temple (0/1) D:4

Altars:
Ashenzari
Elyvilon
Hepliaklqana
Nemelex Xobeh
Qazlal
Trog
Xom
Zin
The Shining One

Shops:
D:4 [   D:5 :

Annotations:
D:7 3 runed doors, Joseph; greenfork's ghost, novice CeHu


Innate Abilities, Weirdness & Mutations

You are resistant to torment.
Your stone body is resilient. (AC +6)
You are immune to poison.
You resist negative energy. (rN+)
You are resistant to electric shocks. (rElec)
You can survive without breathing.
You are immune to petrification.
You are immune to rotting.


Message History

Your chain mail prevents you from hitting the howler monkey.
The howler monkey is moderately wounded.
The howler monkey hits you but does no damage.
The howler monkey barely misses you.
You slash the howler monkey!
You kill the howler monkey!
Trog accepts your kill.
Joseph shoots a sling bullet.
The sling bullet hits you!
* * * LOW HITPOINT WARNING * * *
Things that are here:
a sling bullet; a howler monkey corpse You recover from your berserk rage.
Greenfork's ghost turns its malevolent gaze towards you.
Found a lumpy golden potion, a scroll of identify, 22 bolts and a ration.
Found a runed gate.
Greenfork's ghost says, "They lied to you.
The Dungeon just goes down and down Joseph shoots a sling bullet.
The sling bullet hits you!
* * * LOW HITPOINT WARNING * * *
Joseph hits you with a hunting sling!
You die...

.. .. #.#######
#......<#
.>......#
........#
...(....##########
...............@.#
........########@#
........#.#.#Z#..#
........#....Z#..#
#.#####.##!.ZW+..#
#. #.#(?...+..# #.
####%.. +.## #.
... #.# #. .#.
.#.# #####


You could see Joseph, greenfork's ghost, a hornet zombie and 2 adder skeletons.

Vanquished Creatures
  2 humans (D:7)
  Menkaure (D:7)
  The ghost of patcoet the Magician, an amateur DEIE (D:3)
  An ice beast (D:5)
  An orc warrior (D:6)
  5 ogres
  2 phantoms (D:4)
  A black bear (D:7)
  A centaur (D:6)
  2 bullfrogs
  A gnoll sergeant (D:6)
  4 howler monkeys
  A crimson imp (D:5)
  A centaur zombie (D:5)
  2 hounds
  A jelly (D:7)
  3 orc priests
  A bullfrog skeleton (D:7)
  A gnoll shaman (D:6)
  3 iguanas
  6 orc wizards
  3 worker ants
  A howler monkey skeleton (D:5)
  3 worker ant zombies
  8 gnolls (D:6)
  11 adders
  3 shadow imps
  2 oozes
  2 adder zombies
  5 worms
  2 dart slugs
  4 leopard geckos
  26 orcs
  11 giant cockroaches
  5 goblins
  7 hobgoblins
  5 quokkas
  A ball python zombie (D:5)
  6 bats
  6 frilled lizards
  5 kobolds
  4 rats
161 creatures vanquished.

Vanquished Creatures (others)
  A quokka (D:2)
1 creature vanquished.

Grand Total: 162 creatures vanquished

Notes
Turn   | Place    | Note
-------+----------+-------------------------------------------
     0 | D:1      | Cykl0x the Gargoyle Berserker began the quest for the Orb.
     0 | D:1      | Reached XP level 1. HP: 14/14 MP: 1/1
   179 | D:1      | Reached XP level 2. HP: 16/19 MP: 2/2
   278 | D:1      | Reached skill level 3 in Axes
   567 | D:1      | Reached XP level 3. HP: 24/24 MP: 3/3
   694 | D:2      | Found a sparkling altar of Nemelex Xobeh.
   713 | D:2      | Found a glowing golden altar of the Shining One.
   742 | D:2      | Found a white marble altar of Elyvilon.
   772 | D:2      | Reached ** piety under Trog
   825 | D:2      | Found a bloodstained altar of Trog.
   834 | D:2      | Found a stormy altar of Qazlal.
   867 | D:2      | Reached XP level 4. HP: 29/29 MP: 4/4
  1327 | D:3      | Found a hazy altar of Hepliaklqana.
  1427 | D:3      | Reached skill level 4 in Axes
  1427 | D:3      | Reached XP level 5. HP: 17/33 MP: 5/5
  1636 | D:3      | Found a glowing silver altar of Zin.
  1643 | D:3      | Noticed an angel
  1647 | D:3      | Found a shimmering altar of Xom.
  1770 | D:3      | Found a runed door.
  1776 | D:3      | Noticed patcoet's ghost (amateur DEIE)
  2001 | D:3      | Killed patcoet's ghost
  2001 | D:3      | Reached XP level 6. HP: 8/38 MP: 6/6
  2320 | D:4      | Reached skill level 5 in Axes
  2415 | D:4      | Noticed a phantom
  2464 | D:4      | Killed a phantom
  2464 | D:4      | Reached *** piety under Trog
  2464 | D:4      | Reached XP level 7. HP: 43/44 MP: 7/7
  2526 | D:4      | Found Qyizohe's Antique Armour Boutique.
  2632 | D:4      | Reached skill level 6 in Axes
  2920 | D:4      | Bought a runed chain mail for 135 gold pieces
  3023 | D:4      | Found a staircase to the Ecumenical Temple.
  3112 | D:4      | Reached skill level 5 in Fighting
  3275 | D:5      | Entered Level 5 of the Dungeon
  3284 | D:5      | Found Jiseil's Book Shoppe.
  3319 | D:5      | Reached XP level 8. HP: 47/49 MP: 8/8
  3416 | D:5      | Received a gift from Trog
  3438 | D:5      | Reached skill level 7 in Axes
  3438 | D:5      | Reached skill level 5 in Armour
  3700 | D:5      | Found a shattered altar of Ashenzari.
  4311 | D:6      | Reached **** piety under Trog
  4485 | D:6      | Reached skill level 8 in Axes
  4528 | D:6      | Reached XP level 9. HP: 36/55 MP: 9/9
  5031 | D:7      | Noticed Menkaure
  5043 | D:7      | Reached skill level 9 in Axes
  5047 | D:7      | Killed Menkaure
  5047 | D:7      | Reached ***** piety under Trog
  5062 | D:7      | Noticed Joseph
  5089 | D:7      | HP: 1/56 [Joseph/sling bullet (6)]
  5102 | D:7      | Found a runed gate.
  5102 | D:7      | Found a runed gate.
  5102 | D:7      | Found a runed gate.
  5102 | D:7      | Noticed greenfork's ghost (novice CeHu)
  5109 | D:7      | HP: 1/56 [Joseph/sling bullet (4)]
  5110 | D:7      | Mangled by Joseph

Skill      XL: |  1  2  3  4  5  6  7  8  9 |
---------------+----------------------------+-----
Axes           | 3 4 5 6 8 9 |  9.4
Dodging        | 2 3 |  3.1
Fighting       | 4 5 6 |  6.6
Armour         | 3 4 5 6 |  6.3

Action                   |  1- 3 |  4- 6 |  7- 9 || total
-------------------------+-------+-------+-------++-------
Melee: Hand axe          |    94 |   134 |   438 ||   666
Invok: Berserk           |       |       |     1 ||     1
  Use: Scroll            |     2 |     4 |     3 ||     9
  Eat: Ration            |       |     2 |     1 ||     3
       Chunk             |       |       |     4 ||     4
Armor: Scale mail        |    57 |    76 |     4 ||   137
       Chain mail        |       |       |   266 ||   266
Dodge: Dodged            |    79 |    71 |   195 ||   345
